 Dungeon Crawl Stone Soup version 0.29.0-4-gdea44cf6ec (webtiles) character file.

Game seed: 15695421453544925766

211 qw the Chopper (level 5, -3/30 HPs)
             Began as a Tengu Warper on Aug 28, 2022.
             Slain by a gnoll
             ... wielding a +0 club
              (6 damage)
             ... on level 3 of the Dungeon.
             The game lasted 00:00:17 (2764 turns).

qw the Chopper (Tengu Warper)                       Turns: 2764, Time: 00:00:17

Health: -3/30      AC:  8    Str: 13    XL:     5   Next: 88%
Magic:  9/9        EV:  7    Int: 14    God:
Gold:   133        SH:  0    Dex: 13    Spells: 8/8 levels left

rFire   . . .      SeeInvis +   Y - +1 hand axe
rCold   . . .      Faith    .   (no shield)
rNeg    . . .      Spirit   .   h - +0 chain mail
rPois   .          Reflect  .   (helmet restricted)
rElec   .          Harm     .   (no cloak)
rCorr   .          Rampage  .   (no gloves)
Will    .....                   (boots unavailable)
Stlth   ..........              (no amulet)
HPRegen 0.10/turn               d - ring of see invisible
MPRegen 0.11/turn               (no ring)

@: flying quickly and evasively, quick
A: beak, talons 3, nimble flight
a: no special abilities


You were on level 3 of the Dungeon.
You visited 1 branch of the dungeon, and saw 3 of its levels.

You collected 133 gold pieces.


Innate Abilities, Weirdness & Mutations

You have a beak for a mouth.
You have claws for feet.
Your magical nature lets you fly swiftly and evasively.


   Skills:
 - Level 2.0 Fighting
 - Level 6.5 Axes
 - Level 1.0 Throwing
 + Level 1.1 Armour
 - Level 2.1 Dodging
 - Level 2.0 Spellcasting
 - Level 2.4 Translocations


You had 8 spell levels left.
You didn't know any spells.
Your spell library contained the following spells:

 Spells                   Type           Power      Damage    Failure   Level
 Blink                    Tloc           16%        N/A       99%         2
 Gell's Gravitas          Tloc           8%         N/A       100%        3
 Lesser Beckoning         Tloc           8%         N/A       100%        3
 Teleport Other           Tloc           8%         N/A       100%        3
 Manifold Assault         Tloc           8%         N/A       100%        5

Inventory:

Hand Weapons
 b - a +0 whip
 Y - a +1 hand axe (weapon)
Missiles
 g - 5 boomerangs (quivered)
Armour
 h - a +0 chain mail (worn)
Jewellery
 d - a ring of see invisible (left hand)
Scrolls
 c - 2 scrolls of identify
 l - a scroll of noise {unknown}
Potions
 a - a potion of mutation {unknown}
 e - 2 potions of curing {unknown}
 f - a potion of might
 i - a potion of attraction {unknown}
 j - a potion of haste {unknown}
 k - a potion of berserk rage {unknown}

Dungeon Overview and Level Annotations

Branches:
Dungeon (3/15)

Altars:

Shops:
D:1 =


Message History

Press: ? - help, Q - select action Shift-Dir - straight line, f - gnoll You throw a boomerang.
The boomerang closely misses the gnoll.
The boomerang hits the gnoll.
The gnoll is lightly wounded.
Throw: 5 boomerangs
Press: ? - help, Q - select action Shift-Dir - straight line, f/p - gnoll You throw a boomerang.
The boomerang hits the gnoll but does no damage.
A gnoll comes into view. It is wielding a +0 whip.
You barely miss the gnoll. Your kick misses the gnoll.
The gnoll hits you but does no damage.
You closely miss the gnoll. You hit the gnoll. Your peck misses the gnoll.
The gnoll is heavily wounded.
You barely miss the gnoll. You hit the gnoll but do no damage.
Your peck misses the gnoll.
The gnoll is heavily wounded.
You closely miss the gnoll. The gnoll hits you with a +0 club.
The gnoll hits you with a +0 whip.
You closely miss the gnoll.
The gnoll is heavily wounded.
You hit the gnoll. The gnoll hits you with a +0 club.
The gnoll hits you with a +0 whip.
You hit the gnoll.
The gnoll is almost dead.
You hit the gnoll. The gnoll hits you but does no damage.
The gnoll hits you with a +0 whip.
You hit the gnoll but do no damage. Your kick misses the gnoll.
The gnoll is almost dead.
You hit the gnoll. The gnoll hits you but does no damage.
The gnoll closely misses you.
You hit the gnoll. Your kick misses the gnoll. Your peck misses the gnoll.
The gnoll is almost dead.
You closely miss the gnoll. The gnoll hits you with a +0 club.
The gnoll completely misses you.
You hit the gnoll.
You kill the gnoll!
You hit the gnoll but do no damage. The gnoll hits you with a +0 club.
You die...

..>.# # #.#.# #
#####.#.#### ##
#....#.....# #~
#.#.###.##.# #~ #..##
##.#.# #~ #...###.##.#
#~ #..#.#..##.######.
#@.##.#........<..
#.gg)g......##..#####.
#...###...........#####.
>. #.####..<.........
#.# #####.####### #..
...# ### #####


You could see 3 gnolls.

Vanquished Creatures
  A scorpion (D:3)
  An iguana (D:3)
  A gnoll (D:3)
  8 adders
  2 worms (D:2)
  2 dart slugs
  3 ball pythons (D:2)
  7 bats
  4 endoplasms
  3 giant cockroaches
  7 goblins
  2 hobgoblins
  A quokka (D:2)
  4 frilled lizards
  3 kobolds
  4 rats
53 creatures vanquished.

Notes
Turn   | Place    | Note
-------+----------+-------------------------------------------
     0 | D:1      | qw the Tengu Warper began the quest for the Orb.
     0 | D:1      | Reached XP level 1. HP: 12/12 MP: 4/4
     0 | D:1      | 0 ||| qw: Version: 0.1-a-89-g26bdef1
     0 | D:1      | 0 ||| qw: Game counter: 1048
     0 | D:1      | 0 ||| qw: Always use a shield: true
     0 | D:1      | 0 ||| qw: God list: Okawaru
     0 | D:1      | 0 ||| qw: Allow faded altars: false
     0 | D:1      | 0 ||| qw: Do Orc after D:15 true
     0 | D:1      | 0 ||| qw: Do second Lair branch before Depths: true
     0 | D:1      | 0 ||| qw: Lair rune preference: random
     0 | D:1      | 0 ||| qw: Plans: Normal
     0 | D:1      | 0 ||| PLANNING D:1-11
   156 | D:1      | Found Gefak's One-of-a-Kind Rings.
   170 | D:1      | 170 ||| SHOPLISTING +1 ring of protection (42 gold, have
                  | 4).
   170 | D:1      | 170 ||| SHOPLISTING +10 ring of strength (1274 gold, have
                  | 4).
   170 | D:1      | 170 ||| SHOPLISTING +4 ring of dexterity (210 gold, have
                  | 4).
   170 | D:1      | 170 ||| SHOPLISTING +7 ring of slaying (2416 gold, have 4).
   170 | D:1      | 170 ||| SHOPLISTING +8 ring of dexterity (770 gold, have
                  | 4).
   170 | D:1      | 170 ||| SHOPLISTING ring of the Tormentor {rF+ rC+ rCorr
                  | Int+6 Stlth-} (856 gold, have 4).
   254 | D:1      | Reached XP level 2. HP: 17/17 MP: 6/6
   266 | D:1      | Reached skill level 3 in Axes
   523 | D:1      | 523 ||| Stepping ~*~*~tactically~*~*~ (stealth).
   550 | D:1      | 550 ||| UPGRADING to +0 ring mail.
   560 | D:1      | 560 ||| DROPPING +0 leather armour.
   561 | D:1      | 561 ||| UPGRADING to ring of see invisible.
   562 | D:1      | 562 ||| READING scroll labelled BOHAPOCKUO.
   563 | D:1      | 563 ||| READING scroll labelled REXIPI ROMUEF.
   564 | D:1      | 564 ||| READING scroll labelled TICECU CAONN.
   565 | D:1      | 565 ||| DRINKING 2 bubbling green potions.
   569 | D:1      | 569 ||| DRINKING 2 sedimented ruby potions.
   570 | D:1      | 570 ||| DROPPING scroll of blinking.
   571 | D:1      | 571 ||| DROPPING potion of ambrosia.
   572 | D:1      | 572 ||| DROPPING potion of invisibility.
   573 | D:1      | 573 ||| Stepping randomly (stuck).
   575 | D:1      | 575 ||| Stepping randomly (stuck).
   577 | D:1      | 577 ||| Stepping randomly (stuck).
   578 | D:1      | 578 ||| Stepping randomly (stuck).
   579 | D:1      | 579 ||| Stepping randomly (stuck).
   633 | D:1      | 633 ||| Stepping randomly (stuck).
   634 | D:1      | 634 ||| Stepping randomly (stuck).
   635 | D:1      | 635 ||| Stepping randomly (stuck).
   636 | D:1      | 636 ||| Stepping randomly (stuck).
   637 | D:1      | 637 ||| Stepping randomly (stuck).
   638 | D:1      | 638 ||| Stepping randomly (stuck).
   640 | D:1      | 640 ||| Stepping randomly (stuck).
   641 | D:1      | 641 ||| Stepping randomly (stuck).
   643 | D:1      | 643 ||| Stepping randomly (stuck).
   644 | D:1      | 644 ||| Stepping randomly (stuck).
   646 | D:1      | 646 ||| Stepping randomly (stuck).
   915 | D:2      | Reached XP level 3. HP: 20/21 MP: 7/7
   970 | D:2      | Reached skill level 4 in Axes
   991 | D:2      | Found a faded altar of an unknown god.
  1180 | D:2      | 1180 ||| Stepping ~*~*~tactically~*~*~ (stealth).
  1255 | D:2      | Reached XP level 4. HP: 26/26 MP: 8/8
  1728 | D:2      | Reached skill level 5 in Axes
  1820 | D:2      | 1820 ||| UPGRADING to +0 chain mail.
  1830 | D:2      | 1830 ||| DROPPING +0 ring mail.
  1831 | D:2      | 1831 ||| READING scroll labelled PULLEQAARPH.
  1832 | D:2      | 1832 ||| DRINKING 2 bubbling white potions.
  1833 | D:2      | 1833 ||| READING 4 scrolls of identify.
  1833 | D:2      | 1833 ||| IDENTIFYING fuming silvery potion
  1834 | D:2      | 1834 ||| READING 3 scrolls of identify.
  1834 | D:2      | 1834 ||| IDENTIFYING murky grey potion
  1835 | D:2      | 1835 ||| DROPPING potion of brilliance.
  2102 | D:3      | 2102 ||| FLEEEEING.
  2104 | D:3      | 2104 ||| FLEEEEING.
  2106 | D:3      | 2106 ||| FLEEEEING.
  2108 | D:3      | 2108 ||| FLEEEEING.
  2110 | D:3      | 2110 ||| FLEEEEING.
  2113 | D:3      | 2113 ||| FLEEEEING.
  2117 | D:3      | Gained mutation: Your magical nature lets you fly swiftly
                  | and evasively. [Tengu growth]
  2117 | D:3      | Reached XP level 5. HP: 27/30 MP: 9/9
  2528 | D:3      | HP: 7/30 [poisoned by a scorpion]
  2529 | D:3      | 2529 ||| DRINKING potion of heal wounds.
  2538 | D:3      | Reached skill level 6 in Axes
  2761 | D:3      | HP: 7/30 [gnoll/+0 whip (4)]
  2763 | D:3      | HP: 3/30 [gnoll/+0 club (4)]
  2764 | D:3      | Slain by a gnoll

Levels and vault maps discovered:
D:1:      evilmike_arrival_plus, layout_loops_cross, nicolae_shop_unique_rings,
          grunt_decor_cap
D:2:      layout_basic, hellmonk_ecumenical_altar_heavens_door,
          grunt_decor_one_mirror
D:3:      wander_river, layout_loops_ring, minivault_27

Skill      XL: |  1  2  3  4  5 |
---------------+----------------+-----
Axes           | 3 4 5 6 |  6.5
Fighting       | |  2.0
Throwing       | |  1.0
Armour         | |  1.1
Dodging        | |  2.1
Spellcasting   | |  2.0
Translocations | |  2.4

Action                   |  1- 3 |  4- 6 || total
-------------------------+-------+-------++-------
Melee: Hand axe          |    32 |    69 ||   101
       Kick              |     8 |    13 ||    21
       Peck              |     5 |     6 ||    11
       Punch             |       |     1 ||     1
Throw: Boomerang         |    34 |    47 ||    81
  Use: Scroll            |     3 |     3 ||     6
       Potion            |     2 |     2 ||     4
Armor: Leather armour    |     3 |       ||     3
       Ring mail         |     6 |     2 ||     8
       Chain mail        |       |    33 ||    33
Dodge: Dodged            |    11 |    29 ||    40

Table legend:
 A = Non-vault XP
 B = Vault XP
 C = Vault XP percentage of total XP
 D = Non-vault monster count
 E = Vault monster count
 F = Vault count percentage of total count
                 A         B        C        D         E       F
            +---------+---------+-------+---------+---------+-------
      Total |     316 |       0 |   0.0 |      53 |       0 |   0.0
            +---------+---------+-------+---------+---------+-------
        D:1 |      22 |       0 |   0.0 |      12 |       0 |   0.0
        D:2 |      94 |       0 |   0.0 |      25 |       0 |   0.0
        D:3 |     200 |       0 |   0.0 |      16 |       0 |   0.0
            +---------+---------+-------+---------+---------+-------
